 Dungeon Crawl Stone Soup version 0.28.0-53-g5a82cb258f (webtiles) character file.

Game seed: 1474833346745208087

23 DildoBatman the Conjurer (level 3, 0/25 (26) HPs)
             Began as a Formicid Conjurer on July 7, 2022.
             Slain by a hobgoblin (2 damage)
             ... on level 2 of the Dungeon.
             The game lasted 00:01:30 (689 turns).

DildoBatman the Conjurer (Formicid Conjurer)         Turns: 689, Time: 00:01:31

HP:   0/25 (26)     AC:  2    Str: 13    XL:     3   Next: 10%
MP:   6/6           EV: 12    Int: 17    God:
Gold: 72            SH:  0    Dex: 15    Spells: 3/6 levels left

rFire   . . .      SeeInvis +   i - +2 mace (vorpal)
rCold   . . .      Faith    .   (no shield)
rNeg    . . .      Spirit   .   a - +0 robe
rPois   .          Reflect  .   (helmet unavailable)
rElec   .          Harm     .   (no cloak)
rCorr   .          Rampage  .   (no gloves)
Will    .....                   (no boots)
Stlth   ++........              r - amulet of regeneration
HPRegen 0.88/turn               c - +6 ring of dexterity
MPRegen 0.10/turn               (no ring)

@: lightly drained
A: permanent stasis, dig shafts and tunnels, antennae 3, four strong arms
a: Dig, Shaft Self


You were on level 2 of the Dungeon.
You visited 1 branch of the dungeon, and saw 2 of its levels.

You collected 72 gold pieces.

Inventory:

Hand Weapons
 b - a +0 short sword
 i - a +2 vorpal mace (weapon)
Missiles
 d - 2 poisoned darts
 f - 28 arrows
 j - 5 stones
Armour
 a - a +0 robe (worn)
Jewellery
 c - a +6 ring of dexterity (left hand)
 r - an amulet of regeneration (around neck)
Scrolls
 h - a scroll of amnesia {unknown}
Potions
 e - a potion of degeneration {unknown}
 g - a potion of haste {unknown}


   Skills:
 * Level 1.0 Fighting
 * Level 1.0 Armour
 - Level 2.0 Dodging
 - Level 2.4 Stealth
 * Level 2.4 Spellcasting
 * Level 3.8 Conjurations


You had 3 spell levels left.
You knew the following spells:

 Your Spells              Type           Power      Damage    Failure   Level
a - Searing Ray           Conj           30%        2d5       6%          2
c - Magic Dart            Conj           60%        1d6       3%          1

Your spell library contained the following spells:

 Spells                   Type           Power      Damage    Failure   Level
 Dazzling Flash           Conj/Hex       16%        N/A       26%         3
 Fulminant Prism          Conj/Hex       4%         3d6       63%         4
 Iskenderun's Mystic Bla  Conj/Tloc      8%         2d4       63%         4


Dungeon Overview and Level Annotations

Branches:
Dungeon (1/15)

Altars:


Innate Abilities, Weirdness & Mutations

You cannot be hasted, slowed, berserked, paralysed or teleported.
You can dig through walls and to a lower floor.
You have a pair of large antennae on your head. (SInv)
Your four strong arms can wield two-handed weapons with a shield.


Message History

t - Shout!
Orders for allies: a - Attack new target. r - Retreat! s - Stop attacking. g - Guard the area. f - Follow me.
Anything else - Cancel.
You shout for attention!
The goblin hits you with a +0 club. The kobold closely misses you.
The hobgoblin hits you. What are your orders? t - Shout!
Orders for allies: a - Attack new target. r - Retreat! s - Stop attacking. g - Guard the area. f - Follow me.
Anything else - Cancel.
You shout for attention!
The goblin closely misses you. The kobold barely misses you.
The hobgoblin hits you. What are your orders? t - Shout!
Orders for allies: a - Attack new target. r - Retreat! s - Stop attacking. g - Guard the area. f - Follow me.
Anything else - Cancel.
You shout for attention!
The goblin hits you with a +0 club. The kobold hits you with a +0 whip.
The hobgoblin barely misses you. What are your orders? t - Shout!
Orders for allies: a - Attack new target. r - Retreat! s - Stop attacking. g - Guard the area. f - Follow me.
Anything else - Cancel.
You shout for attention!
The goblin hits you but does no damage. The kobold hits you with a +0 whip.
The hobgoblin hits you.
You die...

# #. {
##.#
#...####.#
#..K@g...#
#..g######
#...{ #...
#... #...
####


You could see a hobgoblin, a goblin and a kobold.

Vanquished Creatures
  A dart slug (D:1)
  An endoplasm (D:1)
  A goblin (D:1)
  3 jackals (D:1)
  2 kobolds (D:1)
  2 quokkas (D:1)
  4 ball pythons (D:1)
  3 bats (D:1)
  2 rats (D:1)
19 creatures vanquished.

Notes
Turn   | Place    | Note
-------+----------+-------------------------------------------
     0 | D:1      | DildoBatman the Formicid Conjurer began the quest for the
                  | Orb.
     0 | D:1      | Reached XP level 1. HP: 13/13 MP: 3/3
   242 | D:1      | Reached XP level 2. HP: 20/20 MP: 3/5
   245 | D:1      | Learned a level 2 spell: Searing Ray
   392 | D:1      | Found a faded altar of an unknown god.
   577 | D:1      | Reached skill level 1 in Fighting
   580 | D:1      | Reached skill level 1 in Armour
   629 | D:1      | Reached XP level 3. HP: 26/26 MP: 1/6
   659 | D:1      | You fall into a shaft and drop 1 floor!
   689 | D:2      | Slain by a hobgoblin

Illustrated notes

Levels and vault maps discovered:
D:1:      lightli_arrival_maybe_door_vault, layout_loops_cross,
          shapermc_ecumenical_altar_venn
D:2:      layout_basic

Skill      XL: |  1  2 |
---------------+-------+-----
Dodging        | 2 |  2.0
Fighting       | 1 |  1.0
Armour         | 1 |  1.0
Stealth        | |  2.4
Spellcasting   | |  2.4
Conjurations   | |  3.8

Action                   || total
-------------------------++-------
Melee: Short sword       ||    16
       Unarmed           ||     3
       Mace              ||    11
 Cast: Magic Dart        ||     9
       Searing Ray       ||     1
 Abil: Dig               ||     1
       Shaft Self        ||     1
 Stab: Sleeping          ||     3
Armor: Robe              ||    17
Dodge: Dodged            ||    71
